 Dungeon Crawl Stone Soup version 0.18.1-50-g88ac8fd (webtiles) character file.

165 RTS the Skirmisher (level 5, 0/63 HPs)
             Began as a Demonspawn Abyssal Knight on Sept 29, 2016.
             Was a Priest of Lugonu.
             Succumbed to an orc's poison
             ... on level 3 of the Dungeon.
             The game lasted 00:11:31 (2706 turns).

RTS the Skirmisher (Demonspawn Abyssal Knight)      Turns: 2706, Time: 00:11:31

Health: 0/63       AC: 11    Str: 16 (18) XL:     5   Next: 22%
Magic:  6/6        EV:  7    Int: 11 (13) God:    Lugonu [***...]
Gold:   157        SH:  0    Dex: 10 (13) Spells: 0 memorised, 4 levels left

rFire  + . .     SeeInvis .     a - +1 spear
rCold  x . .     Gourm    .     t - +0 chain mail
rNeg   . . .     Faith    .     (no shield)
rPois  .         Spirit   .     (no helmet)
rElec  .         Dismiss  .     x - +1 cloak
rCorr  .         Reflect  .     (no gloves)
SustAt .         Harm     .     (no boots)
MR     +....                    (no amulet)
Stlth  ..........               u - ring of protection from magic
                                j - ring of fire

@: berserking, lethally poisoned (0 -> -6), very quick, somewhat resistant to
hostile enchantments, extremely unstealthy
A: demonic guardian 1, rot immunity
a: Depart the Abyss, Bend Space, Banish, Renounce Religion


You were on level 3 of the Dungeon.
You worshipped Lugonu.
Lugonu was most pleased with you.
You were not hungry.

You visited 1 branch of the dungeon, and saw 3 of its levels.
You visited the Abyss 1 time.

You collected 157 gold pieces.

Inventory:

Hand Weapons
 a - a +1 spear (weapon)
Armour
 t - a +0 chain mail (worn)
 x - a +1 cloak (worn)
Jewellery
 j - a ring of fire (left hand)
 u - a ring of protection from magic (right hand)
Wands
 f - a wand of paralysis (16/24)
 q - a wand of lightning (2/15)
Scrolls
 e - 2 scrolls of remove curse
 h - 2 scrolls of amnesia {unknown}
 i - a scroll of immolation {unknown}
 l - a scroll of enchant armour {unknown}
 o - a scroll of random uselessness {unknown}
 v - a scroll of identify {unknown}
 w - a scroll of recharging {unknown}
Potions
 m - a potion of heal wounds {unknown}
 n - a potion of lignification
 p - a potion of brilliance {unknown}
 s - a potion of flight {unknown}
Comestibles
 c - 2 bread rations
 g - a beef jerky
 r - a meat ration


   Skills:
 + Level 4.1 Fighting
 + Level 2.8 Polearms
 + Level 2.7 Armour
 + Level 2.2 Dodging
 - Level 2.4 Invocations


You had 4 spell levels left.
You didn't know any spells.

Dungeon Overview and Level Annotations

Branches:
Dungeon (3/15)

Altars:
Ashenzari
Zin


Innate Abilities, Weirdness & Mutations

A weak demonic guardian rushes to your aid.
You are immune to rotting.


Message History

Lugonu accepts your kill. The jackal barely misses you.
Unknown command.
You puncture the jackal!
You kill the jackal!
Lugonu accepts your kill.
* * * LOW HITPOINT WARNING * * *
You feel sick.
You hit the jackal.
The jackal is severely wounded.
Your quasit bites the jackal.
The jackal dies!
Lugonu accepts your kill.
You are too berserk!
You are too berserk!
You are too berserk!
You are too berserk!
Unknown command.
Unknown command.
You die...

.###.#.#...
#...........# ?..o
#...........# ....
#............ ..sh.
............ .....
............ ......
...........#
......#########.#.#.##..
......)@....# #...#.....
......)5....# ##..#.##..
##..........####..#.##..
#...............>.)##..
#........†.........##..
....................##..
....................##..
......###...........##..
...... #...........##..


You could see a giant cockroach and a friendly quasit.

Vanquished Creatures
  A gnoll (D:1)
  An adder (D:2)
  An ooze (D:2)
  2 worms
  4 dart slugs
  A giant gecko (D:1)
  8 orcs (D:3)
  2 giant cockroaches (D:1)
  7 goblins
  5 hobgoblins
  9 jackals
  9 kobolds
  3 quokkas
  A ball python (D:2)
  9 bats
  4 giant newts
  19 rats
86 creatures vanquished.

Vanquished Creatures (collateral kills)
  An orc priest (D:3)
  An orc (D:3)
  2 jackals (D:3)
4 creatures vanquished.

Grand Total: 90 creatures vanquished

Notes
Turn   | Place    | Note
--------------------------------------------------------------
     0 | Abyss:1  | RTS the Demonspawn Abyssal Knight began the quest for the Orb.
     0 | Abyss:1  | Reached XP level 1. HP: 18/18 MP: 2/2
    48 | Abyss:1  | Noticed a large abomination
    49 | D:1      | Escaped the Abyss
   106 | D:1      | Reached * piety under Lugonu
   107 | D:1      | Reached skill level 1 in Dodging
   244 | D:1      | Gained mutation: You are immune to rotting. [demonic ancestry]
   244 | D:1      | Reached XP level 2. HP: 24/24 MP: 3/3
   480 | D:1      | Reached XP level 3. HP: 29/29 MP: 4/4
   968 | D:1      | Reached ** piety under Lugonu
  1434 | D:2      | Gained mutation: A weak demonic guardian rushes to your aid. [demonic ancestry]
  1434 | D:2      | Reached XP level 4. HP: 29/37 MP: 5/5
  1844 | D:2      | Found a glowing silver altar of Zin.
  1853 | D:2      | Found a shattered altar of Ashenzari.
  2161 | D:2      | Reached *** piety under Lugonu
  2684 | D:3      | Reached skill level 4 in Fighting
  2699 | D:3      | Reached XP level 5. HP: 7/42 MP: 6/6
  2701 | D:3      | HP: 3/63 [poisoned by an orc]
  2702 | D:3      | HP: 1/63 [poisoned by an orc]
  2706 | D:3      | Succumbed to an orc's poison

Skill      XL: |  1  2  3  4 |
---------------+-------------+-----
Dodging        | 1 2 |  2.2
Polearms       | 2 |  2.8
Armour         | 2 |  2.7
Fighting       | 4 |  4.1
Invocations    | |  2.4

Action                   |  1- 3 |  4- 6 || total
-------------------------+-------+-------++-------
Melee: Spear             |   143 |   184 ||   327
Invok: Depart the Abyss  |     1 |       ||     1
       Bend Space        |       |     1 ||     1
Evoke: Wand              |       |     2 ||     2
  Use: Potion            |       |     4 ||     4
       Scroll            |       |     1 ||     1
 Stab: Sleeping          |     3 |       ||     3
       Distracted        |     1 |       ||     1
  Eat: Chunk             |     2 |     4 ||     6
Armor: Leather armour    |    29 |       ||    29
       Chain mail        |       |    86 ||    86
       Skin              |       |     8 ||     8
Dodge: Dodged            |    52 |    49 ||   101
